 Dungeon Crawl Stone Soup version 0.16.0-14-g63f578d (console) character file.

98 gw the Charmwright (level 4, -3/23 HPs)
             Began as a Spriggan Skald on Mar 19, 2015.
             Slain by an orc
             ... wielding a +0 flail
              (7 damage)
             ... on level 3 of the Dungeon.
             The game lasted 00:01:53 (2759 turns).

gw the Charmwright (Spriggan Skald)                 Turns: 2759, Time: 00:01:53

Health: -3/23      AC:  4    Str:  8    XL:     4   Next: 44%
Magic:  0/15       EV: 17    Int: 14    God:
Gold:   76         SH:  0    Dex: 15    Spells: 5 memorised, 0 levels left

rFire  . . .     SeeInvis +     a - +1 short sword
rCold  . . .     Clarity  .     b - +0 robe
rNeg   . . .     SustAb   .     (shield restricted)
rPois  .         Gourm    .     i - +2 hat
rElec  .         Spirit   .     (no cloak)
rCorr  .         Warding  .     (gloves unavailable)
rMut   .         Stasis   .     (boots unavailable)
MR     .....                    (no amulet)
Stlth  +.........               (no ring)
                                (no ring)

@: infused, very slightly contaminated, very quick, not resistant to hostile
enchantments, very unstealthy
A: unfitting armour, see invisible, herbivore 3, speed 3, slow metabolism 2
a: no special abilities


You were on level 3 of the Dungeon.
You were near starving.

You visited 1 branch of the dungeon, and saw 3 of its levels.

You collected 76 gold pieces.

Inventory:

Hand weapons
 a - a +1 short sword (weapon)
Missiles
 f - 18 sling bullets
 h - 38 stones (quivered)
Armour
 b - a +0 robe (worn)
 i - a +2 hat (worn)
Scrolls
 e - a scroll of immolation {unknown}
 g - 2 scrolls of identify
 j - a scroll of remove curse
Books
 c - a book of Battle

   Spells                             Type                      Level
   a - Infusion                       Charms                       1
   b - Shroud of Golubria             Charms/Translocation         2
   c - Song of Slaying                Charms                       2
   d - Spectral Weapon                Hexes/Charms                 3
   e - Regeneration                   Charms/Necromancy            3
Comestibles
 d - a bread ration
 p - a royal jelly


   Skills:
 + Level 2.1 Fighting
 + Level 2.6 Short Blades
 - Level 0.6 Armour
 + Level 2.7 Dodging
 * Level 4.4 Spellcasting
 + Level 4.8 Charms


You couldn't memorise any spells.
You knew the following spells:

 Your Spells              Type           Power        Failure   Level  Hunger
a - Infusion              Chrm           ###...       2%          1    None
b - Shroud of Golubria    Chrm/Tloc      #.........   12%         2    ##.....
c - Song of Slaying       Chrm           ###.....     4%          2    ##.....
d - Spectral Weapon       Hex/Chrm       #.......     21%         3    ###....
e - Regeneration          Chrm/Necr      #.........   21%         3    ###....


Dungeon Overview and Level Annotations

Branches:
Dungeon (3/15)

Altars:


Innate Abilities, Weirdness & Mutations

You are tiny and cannot use many weapons and most armour.
You have supernaturally acute eyesight.
You are a herbivore.
You cover ground extremely quickly.
You need consume almost no food.


Message History

Unknown command.
ATTACK MOVE TO (1,1)
You hit the orc!
You kill the orc!
The goblin hits your spectral weapon but does no damage.
Unknown command.
Unknown command.
Unknown command.
Unknown command.
ATTACK MOVE TO (0,1)
You swap places.
The goblin closely misses you.
Unknown command.
Unknown command.
Unknown command.
Unknown command.
ATTACK MOVE TO (1,0)
You barely miss the orc.
Your spectral weapon hits the orc but does no damage.
The orc hits you with a flail!
You die...

.....#.##............
.....#................
......................?
........................
#....#.##...............
#........)..............
##.....##................
.......##.......(o......)
#......+........io.......
.......+##.......g.......
........................
........................
..........##.#+###.....#
#+........ #.. ..##.
#........ #.. ..#
#....... #... ... . #...


You could see an orc priest, an orc, a goblin and a friendly spectral short
sword.

Table legend:
 A = Turns spent in this place as a percentage of turns spent in the entire game.
 B = Non-inter-level travel turns spent in this place as a percentage of non-inter-level travel turns spent in the entire game.
 C = Inter-level travel turns spent in this place as a percentage of turns spent in this place.
 D = Turns resting spent in this place as a percentage of non-inter-level travel turns spent in this place.
 E = Turns spent auto-exploring this place as a percentage of non-inter-level travel turns spent in this place.
 F = Non-inter-level travel turns spent in this place divided by the number of levels of this place that you've seen.
                   A       B       C       D       E      F
               +-------+-------+-------+-------+-------+----------------------
         Total | 100.0 | 100.0 |   0.1 |   2.5 |   2.6 | 1124.7
       Dungeon | 100.0 | 100.0 |   0.1 |   2.5 |   2.6 | 1124.7
               +-------+-------+-------+-------+-------+----------------------

Table legend:
 A = Kills in this place as a percentage of kills in entire the game.
 B = Kills by you in this place as a percentage of kills by you in the entire game.
 C = Kills by friends in this place as a percentage of kills by friends in the entire game.
 D = Other kills in this place as a percentage of other kills in the entire game.
 E = Experience gained in this place as a percentage of experience gained in the entire game.
 F = Experience gained in this place divided by the number of levels of this place that you have seen.
                   A       B       C       D       E      F
               +-------+-------+-------+-------+-------+----------------------
         Total | 100.0 | 100.0 |  -nan |  -nan | 100.0 |  47.0
       Dungeon | 100.0 | 100.0 |  -nan |  -nan | 100.0 |  47.0
               +-------+-------+-------+-------+-------+----------------------

Vanquished Creatures
  An orc wizard (D:3)
  An adder (D:2)
  A giant mite (D:2)
  3 worms (D:2)
  3 giant geckos
  An ooze (D:1)
  An orc (D:3)
  3 goblins
  8 hobgoblins
  6 kobolds
  A quokka (D:2)
  6 bats
  A giant newt (D:1)
  6 rats
42 creatures vanquished.

Notes
Turn   | Place    | Note
--------------------------------------------------------------
     0 | D:1      | gw, the Spriggan Skald, began the quest for the Orb.
     0 | D:1      | Reached XP level 1. HP: 10/10 MP: 4/4
   534 | D:1      | Reached XP level 2. HP: 15/15 MP: 4/8
   573 | D:1      | Learned a level 2 spell: Shroud of Golubria
   576 | D:1      | Learned a level 2 spell: Song of Slaying
  1481 | D:1      | Learned a level 1 spell: Infusion
  1599 | D:2      | Reached XP level 3. HP: 7/18 MP: 0/11
  1785 | D:2      | Learned a level 3 spell: Spectral Weapon
  2465 | D:2      | Reached XP level 4. HP: 19/23 MP: 7/15
  2525 | D:2      | Learned a level 3 spell: Regeneration
  2759 | D:3      | Slain by an orc

Action                   |  1- 3 |  4- 6 || total
-------------------------+-------+-------++-------
Melee: Short sword       |    89 |     9 ||    98
 Cast: Infusion          |    28 |     1 ||    29
       Shroud of Golubri |    24 |     1 ||    25
       Spectral Weapon   |       |     3 ||     3
  Use: Potion            |     3 |     1 ||     4
       Scroll            |     2 |     6 ||     8
 Stab: Sleeping          |     1 |       ||     1

Vault maps used:
D:1:      tarquinn_simple_flora_water_d
D:3:      ashenzari_altar_1
